 Dungeon Crawl Stone Soup version 0.29.1-4-g47bece8355 (webtiles) character file.

Game seed: 13498370716189521426

328 FexLirch the Insei (level 7, -1/52 HPs)
             Began as a Meteoran Transmuter on Dec 6, 2022.
             Was an Initiate of Ru.
             Succumbed to Edmund's poison
             ... on level 5 of the Dungeon.
             The game lasted 00:17:16 (1687 turns).

FexLirch the Insei (Meteoran Transmuter)            Turns: 1687, Time: 00:17:16

Health: -1/52      AC:  2    Str: 11    XL:     7   Next: 8%
Magic:  6/12       EV: 20    Int: 17    God:    Ru [......]
Gold:   175        SH:  0    Dex: 20    Spells: 5/11 levels left

rFire   . . .      SeeInvis +     - Unarmed
rCold   . . .      Faith    .   (shield currently unavailable)
rNeg    . . .      Spirit   .   (body armour currently unavailable)
rPois   x          Reflect  .   (helmet currently unavailable)
rElec   .          Harm     .   (cloak currently unavailable)
rCorr   .          Rampage  .   (gloves currently unavailable)
Will    +....                   (boots currently unavailable)
Stlth   +.........              (no amulet)
HPRegen 0.17/turn               h - ring of see invisible
MPRegen 0.13/turn               r - ring of willpower

@: lethally poisoned (-1 -> -39), spider-form, wereblooded, glowing
A: venomous fangs, tiny, sense surroundings 1, otherworldly, glowing, explore
regen
a: End Transformation, Renounce Religion


You were on level 5 of the Dungeon.
You worshipped Ru.
Ru was noncommittal.
You were a venomous arachnid creature.
You visited 1 branch of the dungeon, and saw 5 of its levels.

You collected 175 gold pieces.

Inventory:

Armour
 a - a +0 robe (melded)
 d - a +0 leather armour
Jewellery
 h - a ring of see invisible (left front leg)
 r - a ring of willpower (right front leg)
Wands
 p - a wand of light (12)
Scrolls
 c - a scroll of enchant weapon
 f - a scroll of enchant armour {unknown}
 g - a scroll of blinking {unknown}
 j - 2 scrolls of teleportation {unknown}
 l - 4 scrolls of identify {unknown}
 m - a scroll of amnesia {unknown}
 n - a scroll of silence {unknown}
 q - a scroll of vulnerability {unknown}
Potions
 b - a potion of lignification
 e - a potion of cancellation {unknown}
 i - a potion of brilliance {unknown}
 k - a potion of heal wounds {unknown}
 o - a potion of berserk rage {unknown}
 s - a potion of curing


   Skills:
 - Level 1.1 Fighting
 - Level 2.4 Dodging
 * Level 6.5 Unarmed Combat
 - Level 2.6 Spellcasting
 + Level 4.9 Transmutations
 + Level 2.9 Poison Magic


You had 5 spell levels left.
You knew the following spells:

 Your Spells              Type           Power      Damage    Failure   Level
a - Beastly Appendage     Tmut           38%        N/A       9%          1
b - Wereblood             Tmut           19%        N/A       12%         2
c - Spider Form           Tmut/Pois      15%        N/A       26%         3

Your spell library contained the following spells:

 Spells                   Type           Power      Damage    Failure   Level
 Ice Form                 Ice/Tmut       10%        N/A       75%         4


Dungeon Overview and Level Annotations

Branches:
Dungeon (5/15) Zot: 1328
 Temple: D:4-7

Altars:
Hepliaklqana
Ru

Annotations:
D:5 Edmund


Innate Abilities, Weirdness & Mutations

You are a venomous arachnid creature.
You have poisonous fangs.
You are tiny and dextrous.
Your spellcasting is less reliable in this form.
Your armour is entirely melded.
You are incapable of wielding weapons or throwing items.
You passively map a small area around you.
You are easily found by Zot.
You glow in the dark.
You regain HP and MP as you explore.


Message History

You turn into a venomous arachnid creature.
Your +0 robe melds into your body.
The orc completely misses you.
The orc priest hits you from afar with a +0 trident!
You bite the orc!
You feel a bit better.
You kill the orc!
The orc priest misses you.
An orc comes into view. It is wielding a +0 short sword.
Found 6 boomerangs and a pair of boots.
The orc shouts!
Edmund the Younger comes into view.
He is wielding a +3 flail of venom.
You see here a +0 short sword.
You hit the orc.
The orc is poisoned.
The orc is heavily wounded.
The orc priest closely misses you.
You hit the orc.
You feel a bit better.
You kill the orc!
The orc priest misses you.
You hit Edmund but do no damage.
Edmund is poisoned.
The orc priest completely misses you.
Edmund hits you with a +3 flail of venom!
You are poisoned.
Okay, then.
Okay, then.
Unknown command.
You hit Edmund but do no damage.
Edmund looks as sick as possible!
You feel very sick.
The orc priest hits you from afar with a +0 trident.
Edmund drinks a potion.
Edmund is healed!
Edmund looks more healthy.
You hit Edmund but do no damage.
Edmund is poisoned.
You hiss as the wereblood boils in your veins!
You feel very sick.
The orc priest hits you from afar with a +0 trident!
Edmund says, "People accused me of being a cutpurse!"
Edmund hits you with a +3 flail of venom!
You are lethally poisoned!
Your magical contamination has completely faded away.
Edmund attacks as you move away!
Edmund hits you with a +3 flail of venom!
* * * LOW HITPOINT WARNING * * *
You die...

* * , * , ,* *
# , .## ,
##.... ,
#########...[..
**
#.......@o..(#
* , .# * #.##)#
*, .. #.##s# ,
#. *#.##.# **
#. # #.##.#, *
#. #.##.##.# ,
* #. #.......#
, , #######.
####.####
,*#....... #.#
*, , ,*#.###...
###.# *#.##....
#...# ** *
#.##...#


You could see Edmund (very poisoned).

Vanquished Creatures
  A phantom (D:4)
  2 hounds (D:4)
  2 orc priests (D:3)
  Ijyb (D:3)
  An iguana (D:4)
  Robin (D:3)
  A worm (D:3)
  7 dart slugs
  4 orcs
  2 ball pythons
  2 endoplasms
  9 hobgoblins
  4 quokkas
  2 bats (D:1)
  A frilled lizard (D:1)
  13 goblins
  6 kobolds
  2 rats
61 creatures vanquished.

Vanquished Creatures (others)
  2 fungi (D:2)
2 creatures vanquished.

Grand Total: 63 creatures vanquished

Notes
Turn   | Place    | Note
-------+----------+-------------------------------------------
     0 | D:1      | FexLirch the Meteoran Transmuter began the quest for the
                  | Orb.
     0 | D:1      | Reached XP level 1. HP: 16/16 MP: 5/5
   190 | D:1      | Reached XP level 2. HP: 19/23 MP: 4/6
   213 | D:1      | Reached skill level 4 in Unarmed Combat
   430 | D:1      | Reached XP level 3. HP: 27/28 MP: 8/8
   502 | D:1      | Glimpsed the power of Zot.
   552 | D:1      | Glimpsed the power of Zot.
   651 | D:2      | Learned a level 2 spell: Wereblood
   655 | D:2      | Learned a level 3 spell: Spider Form
   702 | D:2      | Found a faded altar of an unknown god.
  1038 | D:3      | Found a hazy altar of Hepliaklqana.
  1039 | D:3      | Noticed Robin
  1045 | D:3      | Reached XP level 4. HP: 35/35 MP: 4/9
  1053 | D:3      | Killed Robin
  1181 | D:3      | Reached skill level 5 in Unarmed Combat
  1181 | D:3      | Reached skill level 1 in Poison Magic
  1181 | D:3      | Reached XP level 5. HP: 15/40 MP: 5/10
  1197 | D:3      | Found a sacrificial altar of Ru.
  1236 | D:3      | Became a worshipper of Ru the Awakened
  1371 | D:3      | Noticed Ijyb
  1381 | D:3      | Killed Ijyb
  1382 | D:3      | Reached XP level 6. HP: 34/47 MP: 6/11
  1506 | D:4      | Reached skill level 6 in Unarmed Combat
  1606 | D:4      | Reached XP level 7. HP: 19/52 MP: 9/12
  1620 | D:5      | Entered Level 5 of the Dungeon
  1681 | D:5      | Noticed Edmund
  1687 | D:5      | Succumbed to Edmund's poison

Illustrated notes

Levels and vault maps discovered:
D:1:      ebering_hopf_link, layout_basic
D:2:      cheibrodos_old_hovel, layout_basic,
          shapermc_ecumenical_altar_mp_urbaneastern
D:3:      layout_basic, mainiacjoe_overflow_paths, amcnicky_altar_gilded,
          uniq_robin, uniq_ijyb
D:4:      layout_loops_cross, kennysheep_mini_moat
D:5:      layout_loops_cross, serial_shops, shop, uniq_edmund,
          uniq_blork_the_orc

Skill      XL: |  1  2  3  4  5  6 |
---------------+-------------------+-----
Unarmed Combat | 4 5 6 |  6.5
Transmutations | 3 4 |  4.9
Poison Magic   | 1 2 |  2.9
Fighting       | |  1.1
Dodging        | |  2.4
Spellcasting   | |  2.6

Action                   |  1- 3 |  4- 6 |  7- 9 || total
-------------------------+-------+-------+-------++-------
Melee: Unarmed           |    72 |    81 |     7 ||   160
       Headbutt          |     6 |     1 |       ||     7
       Kick              |    14 |     8 |       ||    22
       Punch             |     2 |     2 |       ||     4
 Cast: Beastly Appendage |    19 |     5 |       ||    24
       Wereblood         |     2 |     6 |     1 ||     9
       Spider Form       |     1 |     6 |     2 ||     9
  Use: Scroll            |       |     1 |       ||     1
Armor: Robe              |     4 |     5 |       ||     9
       Skin              |     1 |       |       ||     1
Dodge: Dodged            |    30 |    33 |     5 ||    68
